 Dungeon Crawl Stone Soup version 0.25-a0-302-g9f758675c1 (webtiles) character file.

Game seed: 5301351166825082246, levelgen mode: deterministic

378 MoonlitKnight the Spear-Bearer (level 6, -5/48 HPs)
             Began as a Merfolk Gladiator on Dec 20, 2019.
             Slain by Duvessa
             ... wielding a +2 rapier of protection
              (8 damage)
             ... on level 4 of the Dungeon.
             The game lasted 00:06:22 (2800 turns).

MoonlitKnight the Spear-Bearer (Merfolk Gladiator)  Turns: 2800, Time: 00:06:23

Health: -5/48      AC: 15    Str: 15    XL:     6   Next: 74%
Magic:  6/6        EV: 12    Int:  8    God:
Gold:   112        SH:  0    Dex: 16    Spells: 5/5 levels left

rFire    . . .     SeeInvis .   a - +0 trident (flame)
rCold    . . .     Gourm    .   (no shield)
rNeg     . . .     Faith    .   p - +0 scale mail
rPois    .         Spirit   .   c - +0 helmet
rElec    .         Reflect  .   j - +2 cloak
rCorr    .         Harm     .   (no gloves)
MR       .....                  v - +0 pair of boots
Stlth    ..........             (no amulet)
HPRegen  0.16/turn              q - +4 ring of protection
MPRegen  0.10/turn              (no ring)

@: no status effects
A: change form in water, swift swim, stealthy swim
a: no special abilities


You were on level 4 of the Dungeon.
You were not hungry.

You visited 1 branch of the dungeon, and saw 4 of its levels.

You collected 112 gold pieces.

Inventory:

Hand Weapons
 a - a +0 trident of flaming (weapon)
 b - a +0 hunting sling
Missiles
 d - 2 throwing nets (quivered)
 h - 38 sling bullets
 i - 8 poisoned darts
Armour
 c - a +0 helmet (worn)
 j - a +2 cloak (worn)
 p - a +0 scale mail (worn)
 v - a +0 pair of boots (worn)
Jewellery
 q - a +4 ring of protection (left hand)
 t - an uncursed amulet of the acrobat
Wands
 y - a wand of digging (5)
Scrolls
 e - 2 scrolls of fog
 g - 2 scrolls of teleportation
 k - a scroll of immolation
 m - a scroll of amnesia {unknown}
 n - a scroll of enchant weapon {unknown}
 o - a scroll of random uselessness {unknown}
 r - a scroll of remove curse
 s - 3 scrolls of identify {unknown}
Potions
 l - 5 potions of curing {unknown}
 u - a potion of berserk rage {unknown}
 x - a potion of ambrosia {unknown}
Comestibles
 f - 6 rations
 w - a chunk of flesh


   Skills:
 + Level 4.2 Fighting
 * Level 8.2 Polearms
 - Level 2.0 Throwing
 + Level 5.8 Dodging


You had 5 spell levels left.
You didn't know any spells.
Your spell library was empty.

Dungeon Overview and Level Annotations

Branches:
Dungeon (4/15)
 Temple: D:4-7

Altars:
Dithmenos
Wu Jian

Annotations:
D:3 3 runed translucent doors, MoonlitKnight's ghost, amateur MfSk
D:4 Duvessa


Message History

Duvessa struggles against the net.
The net rips apart, and Duvessa comes free!
Duvessa hits you with a +2 rapier of protection.
Duvessa rages.
Duvessa rages.
Duvessa hits you with a +2 rapier of protection!
* * * LOW HITPOINT WARNING * * *
Duvessa misses you. Duvessa hits you but does no damage.
Duvessa rages.
You are no longer glowing.
Duvessa closely misses you.
Duvessa rages.
Duvessa hits you but does no damage.
Duvessa hits you with a +2 rapier of protection!
* * * LOW HITPOINT WARNING * * *
Duvessa rages.
Duvessa hits you but does no damage.
Duvessa hits you with a +2 rapier of protection!
You die...

##########
#........#
#.######e# ####
#.# #@# ...#
#.# #.# ...#
#.# #.######
...# #.#
#....).#
...######.#
######.#
.........># #.#
...##.##### #.#
...##.#
#############.#
#####.#
#.............#


You could see Duvessa (berserk).

Vanquished Creatures
  An ogre (D:4)
  Dowan (D:4)
  2 hounds (D:4)
  A bullfrog skeleton (D:4)
  An orc wizard (D:4)
  4 adders
  4 worms
  2 dart slugs
  A leopard gecko (D:3)
  10 orcs
  5 bats
  3 giant cockroaches
  5 goblins
  9 hobgoblins
  5 jackals
  A quokka (D:3)
  3 frilled lizards
  10 kobolds
  6 rats
74 creatures vanquished.

Notes
Turn   | Place    | Note
-------+----------+-------------------------------------------
     0 | D:1      | MoonlitKnight the Merfolk Gladiator began the quest for the
                  | Orb.
     0 | D:1      | Reached XP level 1. HP: 16/16 MP: 1/1
    72 | D:1      | Reached XP level 2. HP: 23/23 MP: 2/2
   316 | D:1      | Reached skill level 5 in Polearms
   638 | D:2      | Found a shadowy altar of Dithmenos.
   720 | D:2      | Reached XP level 3. HP: 24/28 MP: 3/3
   917 | D:2      | Found a shadowy altar of Dithmenos.
  1310 | D:2      | Reached XP level 4. HP: 34/34 MP: 4/4
  1394 | D:2      | Reached skill level 6 in Polearms
  1398 | D:2      | Found an ornate altar of the Wu Jian Council.
  1630 | D:3      | Found a runed translucent gate.
  1630 | D:3      | Found a runed translucent gate.
  1630 | D:3      | Found a runed translucent gate.
  2134 | D:3      | Reached XP level 5. HP: 41/41 MP: 5/5
  2395 | D:3      | Noticed MoonlitKnight's ghost (amateur MfSk)
  2420 | D:4      | Reached skill level 5 in Dodging
  2446 | D:4      | Reached skill level 7 in Polearms
  2625 | D:4      | Noticed an ogre
  2632 | D:4      | Killed an ogre
  2632 | D:4      | Reached XP level 6. HP: 33/48 MP: 6/6
  2752 | D:4      | Noticed Duvessa
  2752 | D:4      | Noticed Dowan
  2777 | D:4      | Killed Dowan
  2777 | D:4      | Reached skill level 8 in Polearms
  2795 | D:4      | HP: 2/48 [Duvessa/+2 rapier of protection (9)]
  2800 | D:4      | Slain by Duvessa

Levels and vault maps discovered:
D:1:      onia_arrival_mini_spirals, layout_basic, corexii_leaking_fountain,
          chequers_serial_rivers_marsh, minmay_strange_pillars
D:2:      layout_loops_ring, old_standard_altar, marbit_many_paths,
          first_ration, minmay_misc_feat_five, nicolae_dithmenos_shadow_blocks
D:3:      layout_basic, gammafunk_ghost_icy
D:4:      layout_basic, uniq_eustachio, uniq_duvessa, uniq_pikel

Skill      XL: |  1  2  3  4  5  6 |
---------------+-------------------+-----
Polearms       | 5 6 7 8 |  8.2
Fighting       | 3 4 |  4.2
Dodging        | 5 |  5.8
Throwing       | |  2.0

Action                   |  1- 3 |  4- 6 || total
-------------------------+-------+-------++-------
Melee: Trident           |   117 |   177 ||   294
 Fire: Hunting sling     |     3 |       ||     3
Throw: Dart              |       |     4 ||     4
       Throwing net      |       |     1 ||     1
  Use: Scroll            |       |     4 ||     4
  Eat: Chunk             |     1 |     5 ||     6
Armor: Leather armour    |     2 |       ||     2
       Chain mail        |    43 |     2 ||    45
       Ring mail         |     4 |       ||     4
       Scale mail        |     2 |    81 ||    83
Dodge: Dodged            |    46 |    96 ||   142

Table legend:
 A = Non-vault XP
 B = Vault XP
 C = Vault XP percentage of total XP
 D = Non-vault monster count
 E = Vault monster count
 F = Vault count percentage of total count
                 A         B        C        D         E       F
            +---------+---------+-------+---------+---------+-------
      Total |     470 |      71 |  13.1 |      72 |       2 |   2.7
            +---------+---------+-------+---------+---------+-------
        D:1 |      21 |       0 |   0.0 |      11 |       0 |   0.0
        D:2 |      71 |       2 |   2.7 |      20 |       1 |   4.8
        D:3 |      80 |       0 |   0.0 |      29 |       0 |   0.0
        D:4 |     298 |      69 |  18.8 |      12 |       1 |   7.7
            +---------+---------+-------+---------+---------+-------
